 Dungeon Crawl Stone Soup version 0.22-a0-803-gd6d8abe (webtiles) character file.

31 inc the Conjurer (level 3, -4/24 HPs)
             Began as a Demonspawn Wizard on July 22, 2018.
             Killed from afar by Sigmund (7 damage)
             ... with a magic dart
             ... on level 2 of the Dungeon.
             The game lasted 00:05:56 (1252 turns).

inc the Conjurer (Demonspawn Wizard)                Turns: 1252, Time: 00:05:57

Health: -4/24      AC:  4    Str:  7    XL:     3   Next: 7%
Magic:  7/7        EV: 12    Int: 20    God:
Gold:   59         SH:  0    Dex: 11    Spells: 7/8 levels left

rFire    . . .     SeeInvis .   l - +0 dagger (venom)
rCold    . . .     Gourm    .   (no shield)
rNeg     . . .     Faith    .   a - +0 robe
rPois    .         Spirit   .   b - +0 hat
rElec    .         Reflect  .   (no cloak)
rCorr    .         Harm     .   (no gloves)
MR       .....                  (no boots)
Stlth    +.........             (no amulet)
HPRegen  0.08/turn              (no ring)
MPRegen  0.10/turn              (no ring)

@: confused
A: icy blue scales 1, spiny 1
a: no special abilities


You were on level 2 of the Dungeon.
You were not hungry.

You visited 1 branch of the dungeon, and saw 2 of its levels.

You collected 59 gold pieces.

Inventory:

Hand Weapons
 l - a +0 dagger of venom (weapon)
Armour
 a - a +0 robe (worn)
 b - a +0 hat (worn)
Jewellery
 j - an uncursed ring of ice {unknown}
Scrolls
 e - 2 scrolls of teleportation {unknown}
 f - 2 scrolls of identify {unknown}
 k - a scroll of remove curse {unknown}
 n - a scroll of blinking {unknown}
 o - a scroll of amnesia {unknown}
Potions
 c - a potion of degeneration {unknown}
 g - a potion of flight {unknown}
 h - a potion of brilliance {unknown}
 i - 3 potions of curing {unknown}
Comestibles
 d - a ration
 m - a chunk of flesh


   Skills:
 - Level 1.7 Dodging
 - Level 1.7 Stealth
 - Level 3.0 Spellcasting
 + Level 3.1 Conjurations
   Level 1.0 Summonings
   Level 0.8 Translocations


You had 7 spell levels left.
You knew the following spells:

 Your Spells              Type           Power        Failure   Level  Hunger
a - Magic Dart            Conj           ###.         4%          1    None

Your spell library contained the following spells:

 Spells                   Type           Power        Failure   Level  Hunger
 Conjure Flame            Conj/Fire      #.......     22%         3    ###....
 Slow                     Hex            #.......     22%         2    ##.....
 Mephitic Cloud           Conj/Pois/Air  #.......     28%         3    ###....
 Blink                    Tloc           N/A          16%         2    ##.....
 Call Imp                 Summ           #.......     14%         2    ##.....


Dungeon Overview and Level Annotations

Branches:
Dungeon (2/15)

Altars:

Annotations:
D:2 Sigmund


Innate Abilities, Weirdness & Mutations

You are partially covered in icy blue scales. (AC +2)
You are partially covered in sharp spines.


Message History

Sigmund is lightly wounded.
The rat is struck by your spines. The rat bites you but does no damage.
Sigmund mumbles some strange words.
Sigmund flickers and vanishes!
Deactivating autopickup; reactivate with Ctrl-A.
You hit something but do no damage. The rat is struck by your spines.
You kill the rat!
Something hits you.
A puff of flame appears from out of thin air!
The puff of flame hits you!
* * * LOW HITPOINT WARNING * * *
A puff of flame appears from out of thin air!
The puff of flame misses you.
You are confused.
There is an open door here.
You see here a dagger.
You bump into the rock wall.
A magic dart appears from out of thin air!
The magic dart hits you!
You die...

### #<# #.# #.# #.# # ... #.#
###. #.############# #.# ...
#.##.....##...#### #.# ##..
#.#......)@...+..####.#####
##.#.##.#......##...##.#.........
............{...+...+...........>
..........#.#...#...##.#.#..#....
.....###..#.#...#...##.#.#..#....
............#..)#.......†.#.†....
....####....#(..#................
.. #.......#...#................
. #.##..#.#....................


There were no monsters in sight!

Vanquished Creatures
  An adder (D:2)
  A dart slug (D:1)
  3 leopard geckos
  2 bats (D:1)
  5 goblins
  2 frilled lizards (D:2)
  A kobold (D:1)
  4 rats
19 creatures vanquished.

Notes
Turn   | Place    | Note
-------+----------+-------------------------------------------
     0 | D:1      | inc the Demonspawn Wizard began the quest for the Orb.
     0 | D:1      | Reached XP level 1. HP: 13/13 MP: 4/4
   682 | D:1      | Gained mutation: You are partially covered in sharp spines. [demonic ancestry]
   682 | D:1      | Reached XP level 2. HP: 19/19 MP: 1/6
  1134 | D:2      | Gained mutation: You are partially covered in icy blue scales. (AC +2) [demonic ancestry]
  1134 | D:2      | Reached XP level 3. HP: 24/24 MP: 1/7
  1219 | D:2      | Noticed Sigmund
  1252 | D:2      | Killed from afar by Sigmund

Vault maps used:
D:1:      ncdulo_lavacross
D:2:      lemuel_crystal_altar, first_ration, serial_corexii_hall,
          corexii_hall_statues_t, corexii_hall_statues_x,
          corexii_hall_statues_s, grunt_decor_arrowhead,
          uniq_crazy_yiuf_cottage, uniq_sigmund

Skill      XL: |  1  2 |
---------------+-------+-----
Conjurations   | 2 3 |  3.1
Dodging        | |  1.7
Stealth        | |  1.7
Spellcasting   | |  3.0
Summonings     | |  1.0
Translocations | |  0.8

Action                   || total
-------------------------++-------
Melee: Unarmed           ||     1
       Dagger            ||     6
 Cast: Magic Dart        ||    32
  Eat: Chunk             ||     1
Armor: Robe              ||     5
Dodge: Dodged            ||    13

Table legend:
 A = Spawn XP
 B = Non-spawn XP
 C = Spawn XP percentage of total XP
 D = Spawn monster count
 E = Non-spawn monster count
 F = Spawn count percentage of total count
 G = Total turns spent on level
                    A         B        C        D         E        F      G
               +---------+---------+-------+---------+---------+-------+---------
         Total |       0 |      45 |   0.0 |       0 |      19 |   0.0 |  1252
               +---------+---------+-------+---------+---------+-------+---------
           D:1 |       0 |      22 |   0.0 |       0 |      12 |   0.0 |  1052
           D:2 |       0 |      23 |   0.0 |       0 |       7 |   0.0 |   200
               +---------+---------+-------+---------+---------+-------+---------
